 Dungeon Crawl Stone Soup version 0.29.0-4-gdea44cf6ec (webtiles) character file.

Game seed: 11198025529876841833

4 qw the Sneak (level 1, -1/14 HPs)
             Began as a Gargoyle Delver on Sept 10, 2022.
             Slain by an orc
             ... wielding a +0 flail
              (4 damage)
             ... on level 5 of the Dungeon.
             The game lasted 00:00:03 (34 turns).

qw the Sneak (Gargoyle Delver)                        Turns: 34, Time: 00:00:03

Health: -1/14      AC:  5    Str: 15    XL:     1   Next: 60%
Magic:  1/1        EV: 11    Int: 10    God:
Gold:   0          SH:  0    Dex: 11    Spells: 0/0 levels left

rFire   . . .      SeeInvis .   a - +0 hand axe
rCold   . . .      Faith    .   (no shield)
rNeg    + . .      Spirit   .   b - +0 leather armour
rPois   inf        Reflect  .   (no helmet)
rElec   +          Harm     .   (no cloak)
rCorr   .          Rampage  .   (no gloves)
Will    .....                   (no boots)
Stlth   +++.......              (no amulet)
HPRegen 0.04/turn               (no ring)
MPRegen 0.07/turn               (no ring)

@: no status effects
A: sickness immunity, AC +2, negative energy resistance 1, electricity
resistance, torment resistance 1, petrification resistance
a: no special abilities


You were on level 5 of the Dungeon.
You visited 1 branch of the dungeon, and saw 1 of its levels.


Innate Abilities, Weirdness & Mutations

You are immune to sickness and miasma.
Your stone body is resilient. (AC +2)
You are immune to poison.
You resist negative energy. (rN+)
You are resistant to electric shocks. (rElec)
You are resistant to unholy torment.
You are immune to petrification.


   Skills:
 - Level 3.2 Fighting
 + Level 2.1 Axes
 - Level 1.5 Dodging
 - Level 5.4 Stealth


You couldn't memorise any spells.
You didn't know any spells.
Your spell library was empty.

Inventory:

Hand Weapons
 a - a +0 hand axe (weapon)
Armour
 b - a +0 leather armour (worn)
 h - a +0 scale mail
Wands
 g - a wand of digging (3)
Scrolls
 c - a scroll of fog
 d - a scroll of magic mapping
 e - a scroll of fear
Potions
 f - a potion of haste

Dungeon Overview and Level Annotations

Branches:
Dungeon (5/15)
 Temple: D:4-7

Altars:
Sif Muna


Message History

The orc misses you.
You barely miss the orc. The orc closely misses you.
An orc comes into view. It is wielding a +0 flail.
23 ||| Stepping ~*~*~tactically~*~*~ (stealth).
The orc attacks as you move away! The orc hits you with a +0 hand axe.
You hit the orc but do no damage. The orc hits you with a +0 hand axe.
You hit the orc.
The orc is lightly wounded.
The orc misses you.
You hit the orc.
You kill the orc!
The orc closely misses you.
Your Axes skill increases to level 2!
You closely miss the orc. The orc hits you but does no damage.
The orc shouts!
You hit the orc.
The orc is heavily wounded.
The orc hits you with a +2 war axe of electrocution.
You hit the orc.
The orc is almost dead.
An adder comes into view.
The orc hits you with a +2 war axe of electrocution.
The orc wizard shouts!
The adder hisses angrily.
You hit the orc.
You kill the orc!
You hit the orc. The orc barely misses you.
31 ||| Stepping ~*~*~tactically~*~*~ (hiding).
You see here 4 boomerangs of dispersal.
32 ||| Stepping ~*~*~tactically~*~*~ (hiding).
33 ||| Stepping ~*~*~tactically~*~*~ (hiding).
A hound comes into view.
Found a steaming chain mail.
You barely miss the orc.
The orc is moderately wounded.
The orc barely misses you. The orc hits you with a +0 flail.
You die...

.......................
.......>..............
..........#.....##...
..............S.##.# .
#.............o#...#...
#.##..........o#....._.
# ##.........(..# .
##.......#.o.##....
..........[@.......
...................
............###...
............ #.
.............
.............
...#..........
..#....h..[...


You could see a hound (asleep), an orc wizard, an adder and 2 orcs.

Vanquished Creatures
  2 orcs (D:5)
2 creatures vanquished.

Notes
Turn   | Place    | Note
-------+----------+-------------------------------------------
     0 | D:5      | qw the Gargoyle Delver began the quest for the Orb.
     0 | D:5      | Reached XP level 1. HP: 14/14 MP: 1/1
     0 | D:5      | 0 ||| qw: Version: 0.1-a-116-g5d60599
     0 | D:5      | 0 ||| qw: Game counter: 8061
     0 | D:5      | 0 ||| qw: Always use a shield: true
     0 | D:5      | 0 ||| qw: God list: Okawaru
     0 | D:5      | 0 ||| qw: Allow faded altars: false
     0 | D:5      | 0 ||| qw: Do Orc after D:15 true
     0 | D:5      | 0 ||| qw: Do second Lair branch before Depths: true
     0 | D:5      | 0 ||| qw: Lair rune preference: random
     0 | D:5      | 0 ||| qw: Plans: Normal
     0 | D:5      | 0 ||| PLANNING D:1-11
     8 | D:5      | 8 ||| Stepping ~*~*~tactically~*~*~ (stealth).
    10 | D:5      | Found a shimmering blue altar of Sif Muna.
    11 | D:5      | Noticed an orc wizard
    11 | D:5      | 11 ||| Stepping ~*~*~tactically~*~*~ (stealth).
    13 | D:5      | 13 ||| Stepping ~*~*~tactically~*~*~ (stealth).
    15 | D:5      | 15 ||| Stepping ~*~*~tactically~*~*~ (stealth).
    16 | D:5      | 16 ||| Stepping ~*~*~tactically~*~*~ (stealth).
    17 | D:5      | 17 ||| Stepping ~*~*~tactically~*~*~ (stealth).
    18 | D:5      | 18 ||| Stepping ~*~*~tactically~*~*~ (stealth).
    19 | D:5      | 19 ||| Stepping ~*~*~tactically~*~*~ (stealth).
    23 | D:5      | 23 ||| Stepping ~*~*~tactically~*~*~ (stealth).
    29 | D:5      | HP: 3/14 [orc/+2 war axe of electrocution (2)]
    31 | D:5      | 31 ||| Stepping ~*~*~tactically~*~*~ (hiding).
    32 | D:5      | 32 ||| Stepping ~*~*~tactically~*~*~ (hiding).
    33 | D:5      | 33 ||| Stepping ~*~*~tactically~*~*~ (hiding).
    33 | D:5      | Noticed a hound
    34 | D:5      | Slain by an orc

Levels and vault maps discovered:
D:5:      layout_cave_pools, mainiacjoe_overflow_catwalk,
          grunt_temple_overflow_open, minmay_crystal_room

Skill      XL: |  1 |
---------------+----+-----
Axes           | 2 |  2.1
Fighting       | |  3.2
Dodging        | |  1.5
Stealth        | |  5.4

Action                   || total
-------------------------++-------
Melee: Hand axe          ||    10
Armor: Leather armour    ||     1
Dodge: Dodged            ||     6

Table legend:
 A = Non-vault XP
 B = Vault XP
 C = Vault XP percentage of total XP
 D = Non-vault monster count
 E = Vault monster count
 F = Vault count percentage of total count
                 A         B        C        D         E       F
            +---------+---------+-------+---------+---------+-------
      Total |       6 |       0 |   0.0 |       2 |       0 |   0.0
            +---------+---------+-------+---------+---------+-------
        D:5 |       6 |       0 |   0.0 |       2 |       0 |   0.0
            +---------+---------+-------+---------+---------+-------
